 Dungeon Crawl Stone Soup version 0.18-b1-10-g3f7de93 (webtiles) character file.

109 RudyRod the Firebug (level 4, -12/30 HPs)
             Began as a Demonspawn Fire Elementalist on Apr 28, 2016.
             Was an Initiate of Vehumet.
             Killed by divine providence
             ... invoked by an orc priest
              (15 damage)
             ... on level 3 of the Dungeon on Apr 29, 2016.
             The game lasted 01:18:14 (3349 turns).

RudyRod the Firebug (Demonspawn Fire Elementalist)  Turns: 3349, Time: 01:18:16

Health: -12/30     AC:  4    Str:  9    XL:     4   Next: 59%
Magic:  0/8        EV: 14    Int: 17    God:    Vehumet [......]
Gold:   223        SH:  0    Dex: 13    Spells: 2 memorised, 6 levels left

rFire  . . .     SeeInvis .     v - +0 long sword
rCold  . . .     Gourm    .     a - +0 robe
rNeg   . . .     Faith    .     (no shield)
rPois  .         Spirit   .     l - +0 helmet
rElec  .         Dismiss  .     (no cloak)
rCorr  .         Reflect  .     (no gloves)
SustAt .         Harm     .     x - +0 pair of boots
MR     .....                    (no amulet)
Stlth  ++........               (no ring)
                                (no ring)

@: not resistant to hostile enchantments, unstealthy
A: hooves 1, repulsion field 1
a: Renounce Religion


You were on level 3 of the Dungeon.
You worshipped Vehumet.
Vehumet was noncommittal.
You were not hungry.

You visited 1 branch of the dungeon, and saw 3 of its levels.

You collected 223 gold pieces.

Inventory:

Hand Weapons
 f - a +0 dagger
 n - a +0 club
 v - a +0 long sword (weapon)
Armour
 a - a +0 robe (worn)
 e - a +0 leather armour
 l - a +0 helmet (worn)
 m - a +0 leather armour
 x - a +0 pair of boots (worn)
Scrolls
 d - 5 scrolls of remove curse
 g - 2 scrolls of magic mapping {unknown}
 i - 2 scrolls of enchant weapon {unknown}
 s - a scroll of amnesia {unknown}
 t - a scroll of immolation {unknown}
 w - 2 scrolls of identify {unknown}
 y - a scroll of teleportation {unknown}
Potions
 j - a potion of degeneration {unknown}
 o - 2 potions of heal wounds {unknown}
 p - a potion of curing
 q - a potion of flight {unknown}
 u - a potion of mutation {unknown}
 A - a potion of haste {unknown}
Books
 b - a book of Flames

   Spells                             Type                      Level
   a - Flame Tongue                   Conjuration/Fire             1
   b - Throw Flame                    Conjuration/Fire             2
   c - Conjure Flame                  Conjuration/Fire             3
   d - Inner Flame                    Hexes/Fire                   3
   e - Sticky Flame                   Conjuration/Fire             4
   f - Fireball                       Conjuration/Fire             5
Comestibles
 c - 6 bread rations
 h - 6 fruits
 k - a meat ration
 r - a slice of pizza


   Skills:
 + Level 0.2 Fighting
 + Level 0.1 Short Blades
 + Level 2.2 Dodging
 + Level 2.1 Stealth
 + Level 3.0 Spellcasting
 + Level 2.2 Conjurations
 + Level 3.2 Fire Magic


You had 6 spell levels left.
You knew the following spells:

 Your Spells              Type           Power        Failure   Level  Hunger
a - Flame Tongue          Conj/Fire      ##...        10%         1    None
b - Throw Flame           Conj/Fire      ##....       12%         2    ##.....


Dungeon Overview and Level Annotations

Branches:
Dungeon (3/15)

Altars:
Ashenzari
Cheibriados
Elyvilon
Kikubaaqudgha
Makhleb
Pakellas
Ru
Sif Muna
Trog
Vehumet

Annotations:
D:3 Alex1DS1's ghost, amateur GrBe


Innate Abilities, Weirdness & Mutations

You have large cloven feet.
You are surrounded by a mild repulsion field (EV +2).


Message History

You hit the orc priest.
The orc priest is severely wounded.
The orc priest hits you but does no damage.
The orc closely misses you.
The orc priest hits you with a hand axe.
The orc hits you with a war axe! The orc barely misses you.
Casting: Throw Flame
Confirm with . or Enter, or press ? or * to list all spells.
Aiming: Flame Tongue
Press: ? - help, Shift-Dir - straight line, f/p - orc priest
Aim: an orc priest, wielding a hand axe (heavily wounded)
The flame tongue hits the orc.
The orc is severely wounded.
The orc hits you with a war axe!
* * * LOW HITPOINT WARNING * * *
The orc priest invokes the aid of Beogh against you.
Beogh smites you!
Ouch! That really hurt!
You die...

.......................
#####.......###.#####..
#.............# ###
#.......###.#.# # .#
#.)#.######.#.# #
....###...........#.#
.# #....o...########.#
# .# #####o###### #.# #
.# #.@....# #.# ### .#
######.# #.###.. .# #.#
#....<. .# #.# ###.#..
.# #.# #.#.# .# #.#
#.#.# ## #.# #.#.# #.#
#.#.# #.# #.#.#


You could see an orc priest and an orc.

Vanquished Creatures
  2 adders (D:2)
  An ooze (D:1)
  A worm (D:2)
  A dart slug (D:1)
  2 orcs
  8 goblins
  11 hobgoblins
  14 jackals
  8 kobolds
  2 quokkas (D:2)
  A ball python (D:1)
  8 bats
  3 giant newts
  10 rats
72 creatures vanquished.

Notes
Turn   | Place    | Note
--------------------------------------------------------------
     0 | D:1      | RudyRod the Demonspawn Fire Elementalist began the quest for the Orb.
     0 | D:1      | Reached XP level 1. HP: 13/13 MP: 3/3
   153 | D:1      | Gained mutation: You have large cloven feet. [demonic ancestry]
   153 | D:1      | Reached XP level 2. HP: 5/19 MP: 0/5
   720 | D:1      | Upgraded the game from 0.18-b1-2-gd0c887e to 0.18-b1-10-g3f7de93
   829 | D:1      | Gained mutation: You are surrounded by a mild repulsion field (EV +2). [demonic ancestry]
   829 | D:1      | Reached XP level 3. HP: 17/24 MP: 1/7
  1168 | D:1      | Learned a level 2 spell: Throw Flame
  1606 | D:2      | Reached XP level 4. HP: 30/30 MP: 5/8
  1689 | D:2      | Found a shattered altar of Ashenzari.
  2396 | D:2      | Found an ancient bone altar of Kikubaaqudgha.
  2399 | D:2      | Found a deep blue altar of Sif Muna.
  2922 | D:3      | Found a burning altar of Makhleb.
  2924 | D:3      | Found a bloodstained altar of Trog.
  2924 | D:3      | Found a white marble altar of Elyvilon.
  2924 | D:3      | Found a sacrificial altar of Ru.
  2926 | D:3      | Found an oddly glowing altar of Pakellas.
  2926 | D:3      | Found a radiant altar of Vehumet.
  2927 | D:3      | Found a snail-covered altar of Cheibriados.
  2958 | D:3      | Became a worshipper of Vehumet
  3301 | D:3      | Noticed Alex1DS1's ghost (amateur GrBe)
  3349 | D:3      | Killed from afar by an orc priest

Skill      XL: |  1  2  3  4 |
---------------+-------------+-----
Stealth        | 2 |  2.1
Fire Magic     | 3 |  3.2
Dodging        | 2 |  2.2
Spellcasting   | 3 |  3.0
Conjurations   | 2 |  2.2
Fighting       | |  0.2
Short Blades   | |  0.1

Action                   |  1- 3 |  4- 6 || total
-------------------------+-------+-------++-------
Melee: Dagger            |    48 |    28 ||    76
       Unarmed           |     1 |       ||     1
       Kick              |     6 |     4 ||    10
       Long sword        |       |     6 ||     6
 Cast: Flame Tongue      |    57 |    30 ||    87
       Throw Flame       |       |    32 ||    32
  Use: Potion            |     1 |       ||     1
       Scroll            |       |     1 ||     1
  Eat: Chunk             |     3 |     6 ||     9
       Fruit             |       |     1 ||     1
Armor: Robe              |    20 |    17 ||    37
Dodge: Dodged            |    70 |    39 ||   109
